Unix NetHack Version 5.0.0-0 post-release - last build May 30 2026 05:04:26 (55804bc15828dd6e32e9076e0726aa6fccb6e981,branch:main).

Game began 2026-05-31 04:15:22, ended 2026-05-31 05:02:28.

DiePARTEI, neutral male human Tourist

                   -------
                   |.|.|.-
                   |.....
                   |.G.-
                   |@..|
                   |G..|
                   |...|
                   |.---
                   |.|
                   ---

DiePARTEI the Excursionist  St:14 Dx:8 Co:25 In:14 Wi:7 Ch:17  Neutral
Dlvl:8  $:523 HP:0(67) Pw:21(21) AC:2  Xp:7 T:5570  Burdened

Latest messages:
 It misses!
 You kill it!
 You see here a wand called engvan1.
 The gnome swings her thonged club.
 The gnome hits!
 You kill the gnome!
 You have a little trouble lifting f - a wand called engvan1.
 What do you want to call? [afhp-txyB-EI-NPQSU-WYZ or ?*] f
 Call a wand called engvan1: engvan1,invis?
 With great effort you move the boulder.
 You hear a chugging sound.
 You have a little trouble lifting W - a violet gem (3 in total).
 The gnome lord shoots 2 crossbow bolts!
 The 1st crossbow bolt misses you.
 You are hit by the 2nd crossbow bolt.
 You see here an orange potion.
 The gnome lord tries to wield a thonged club.
 The gnome lord's crossbow is welded to his hand!
 You have a little trouble lifting w - an orange potion.
 The gnome lord picks up a thonged club.
 You fall down the stairs.
 In what direction? 2
 The dart hits the gnome.
 You hear a door open.
 The gnome lord hits!
 The gnome misses!
 You have no ammunition readied.
 What do you want to fire? [$nv or ?*] <enter>
 Never mind.
 What do you want to throw? [$nv or ?*] v
 In what direction? 2
 The dagger hits the gnome.
 The gnome lord hits!
 What do you want to throw? [$nv or ?*] v
 In what direction? 2
 The dagger hits the gnome.
 You hear a door open.
 What do you want to throw? [$nv or ?*] v
 In what direction? 2
 The dagger hits the gnome.
 The gnome lord hits!
 The gnome lord hits!
 Are you sure you want to pray? [yn] (n) y
 You begin praying to The Lady.
 You hear a door open.
 The gnome lord hits!
 The gnome hits!
 You die...
 Do you want your possessions identified? [ynq] (y) y
 Do you want to see your attributes? [ynq] (y) q

Inventory:
 Coins    ('$')
  $ - 523 gold pieces
 Amulets  ('"')
  J - an uncursed amulet versus poison (being worn)
 Weapons  (')')
  R - the blessed rustproof +2 Ogresmasher (weapon in right hand)
  n - a +0 silver saber
 Armor    ('[')
  K - an uncursed +0 orcish helm (being worn)
  a - an uncursed +0 pair of elven boots
  y - an uncursed +0 pair of iron shoes (being worn)
  B - an uncursed +0 pair of kicking boots
  k - an uncursed +0 Hawaiian shirt with a sailboat motif (being worn)
  o - an uncursed +0 chain mail (being worn)
 Comestibles  ('%')
  g - an uncursed slime mold
  X - an uncursed cram ration
  b - 3 uncursed food rations
  c - an uncursed orange
  d - an uncursed pancake
  e - 2 uncursed tripe rations
 Scrolls  ('?')
  t - an uncursed scroll of earth
  E - a blessed scroll of enchant weapon
  j - a blessed scroll of magic mapping
  i - 3 uncursed scrolls of magic mapping
 Spellbooks  ('+')
  F - an uncursed spellbook of magic missile
 Potions  ('!')
  L - an uncursed potion of booze
  I - an uncursed potion of gain ability
  p - a cursed potion of restore ability
  w - a blessed potion of see invisible
  Z - an uncursed potion of see invisible
  D - 2 potions of holy water
  h - an uncursed potion of water
 Rings    ('=')
  S - an uncursed ring of fire resistance
  s - an uncursed -1 ring of increase damage (on left hand)
 Wands    ('/')
  z - a wand of light (0:11)
  u - a wand of lightning (0:4)
  Y - a wand of magic missile (1:5)
  P - a wand of make invisible (0:7)
  f - a wand of make invisible (0:4)
  V - a wand of polymorph (0:2)
 Tools    ('(')
  O - a can of grease (0:16)
  m - an uncursed credit card
  l - an expensive camera (0:84)
  q - an uncursed magic lamp (lit)
  A - a +0 pick-axe
  U - an uncursed wax candle
 Gems/Stones  ('*')
  C - an uncursed agate stone
  x - an uncursed worthless piece of green glass
  M - 3 uncursed worthless pieces of orange glass
  W - 3 uncursed worthless pieces of violet glass
  r - 3 uncursed worthless pieces of white glass
  N - an uncursed worthless piece of yellow glass
  Q - an uncursed worthless piece of yellowish brown glass

DiePARTEI the Tourist's attributes:

Background:
 You were an Excursionist, a level 7 male human Tourist.
 You were neutral, on a mission for The Lady
 who was opposed by Blind Io (lawful) and Offler (chaotic).
 You were right-handed.
 You were in the Gnomish Mines, on level 8.
 You entered the dungeon 5570 turns ago.
 It was nighttime.
 There was a full moon in effect when your adventure ended.
 You had 708 experience points, 572 more were needed to attain level 8.

Basics:
 You had 0 out of 67 hit points.
 You had all 21 energy points (spell power).
 Your armor class was 2.
 Your wallet contained 523 zorkmids.
 Autopickup was off.

Final Characteristics:
 Your strength was 14 (limit:18/100).
 Your dexterity was 8 (limit:18).
 Your constitution was 25 (base:18, innate limit:18).
 Your intelligence was 14 (limit:18).
 Your wisdom was 7 (limit:18).
 Your charisma was 17 (limit:18).

Final Status:
 You weren't hungry.
 You were burdened; movement was slightly slowed.
 You were wielding a hammer.
 You had basic skill with hammer.

Final Attributes:
 You were piously aligned.
 You were poison resistant.
 You were telepathic.
 You had a small damage penalty (-1).
 You were warded.
 Your spell casting was impaired by metallic armor.
 You were lucky.
 You are dead.

Miscellaneous:
 You didn't encounter any bones levels.
 Total elapsed playing time was 47 minutes and 4 seconds.

Major events:
 Turn
    1: DiePARTEI the neutral male human Tourist entered the dungeon
 1203: attained the rank of Sightseer (level 3)
 1909: was bestowed with Ogresmasher by The Lady
 4468: attained the rank of Excursionist (level 6)
 4863: entered the Gnomish Mines
 5563: reached Mine Town
 5570: killed by a gnome, while praying

Spells:
 Name                 Level Category     Fail Retention
 magic missile          2   attack       100%  76%-100%

Skills:
 Fighting Skills
   bare handed combat [Unskilled]
   two weapon combat  [Unskilled]
   riding             [Unskilled]
 Weapon Skills
   dagger             [Unskilled]
   knife              [Unskilled]
   axe                [Unskilled]
   pick-axe           [Unskilled]
   short sword        [Unskilled]
   broadsword         [Unskilled]
   long sword         [Unskilled]
   two-handed sword   [Unskilled]
   saber              [Unskilled]
   mace               [Unskilled]
   morning star       [Unskilled]
   flail              [Unskilled]
   hammer             [Basic]
   quarterstaff       [Unskilled]
   polearms           [Unskilled]
   spear              [Unskilled]
   trident            [Unskilled]
   lance              [Unskilled]
   bow                [Unskilled]
   sling              [Unskilled]
   crossbow           [Unskilled]
   dart               [Skilled]
   shuriken           [Unskilled]
   boomerang          [Unskilled]
   whip               [Unskilled]
   unicorn horn       [Unskilled]
 Spellcasting Skills
   divination spells  [Unskilled]
   enchantment spells [Unskilled]
   escape spells      [Unskilled]

Voluntary challenges:
 Character rerolling was not enabled.
 You never genocided any monsters.
 You never changed form.
 You used no wishes.
Achievements:
 You entered a shop.
 You attained the rank of Sightseer.
 You attained the rank of Excursionist.
 You entered the Gnomish Mines.
 You entered Minetown.

 The Dungeons of Doom: levels 1 to 4
    Level 1:
    Level 2:
       A potion shop.
    Level 3:
       An altar to The Lady.
    Level 4:
       A potion shop, an altar.
       Stairs down to The Gnomish Mines.
 The Gnomish Mines: levels 5 to 8
    Level 5:
    Level 6:
    Level 7:
    Level 8: <- You were here.
       Final resting place for
          you, killed by a gnome, while praying.


Vanquished creatures:
  a small mimic
  a rock piercer
  a fog cloud
  a shrieker
  2 gnome leaders
  a straw golem
  a little dog
  4 floating eyes
  3 dwarves
  3 homunculi
  3 hill orcs
  a rothe
  a giant bat
  a monkey
 an orc zombie
  4 iguanas
  2 acid blobs
  3 coyotes
  a gas spore
  3 hobbits
  a large kobold
  6 hobgoblins
  2 giant rats
  3 cave spiders
 27 gnomes
  6 geckos
 12 jackals
  a fox
  2 kobolds
  2 goblins
  6 grid bugs
  3 bats
  a lichen
  a kobold zombie
  4 newts
115 creatures vanquished.

No species were genocided or became extinct.

Game over:
                       ----------
                      /          \
                     /    REST    \
                    /      IN      \
                   /     PEACE      \
                  /                  \
                  |    DiePARTEI     |
                  |      523 Au      |
                  |   killed by a    |
                  |      gnome       |
                  |                  |
                  |                  |
                  |       2026       |
                 *|     *  *  *      | *
        _________)/\\_//(\/(/\)/\//\/|_)_______

Aloha DiePARTEI the Tourist...

You died in The Gnomish Mines on dungeon level 8 with 3202 points,
and 523 pieces of gold, after 5570 moves.
You were level 7 with a maximum of 67 hit points when you died.

